cohdb
Replays
Latest Replays
All Replays
Popular Replays
Top Player Replays
Match Explorer
How It Works
Community
CoH3 Stats
Reddit
Sign in to upload your games and track your stats! →
Sign in with Steam
Match 45107402
Unlisted
Match 45107402
Overview
Messages
Build Orders
End
Construct Section Command Post
Dingo Light Scout Car
Dingo Light Scout Car
Royal Engineer Section
Infantry Section
Infantry Section
Construct Platoon Command Post
Humber Armored Car
6-pounder Anti-tank Gun Team
Selects Air and Sea Battlegroup
Selects Supply Surplus
Construct Resource Cache
Construct Company Command Post
Construct Resource Cache
Foot Guards Section
Crusader II Medium Tank
Construct Resource Cache
Selects UNKNOWN (223837)
Crusader II Medium Tank
Selects Naval Bombardment
Construct Resource Cache
Crusader II Medium Tank
Selects Commando Section Paradrop
Selects Commando Support Section Paradrop
Matilda II Heavy Tank
Matilda II Heavy Tank
Infantry Training
DexN
Ashur
BlueSkidrow™
Nicko
0
0
Comments
sign in to comment!
No comments posted yet!